 Dungeon Crawl Stone Soup version 0.29.0-11-gd7f09526c8 (webtiles) character file.

Game seed: 12640758273342302452

1372 SensoryNuts the Carver (level 8, -4/69 HPs)
             Began as a Black Draconian Fighter on Sept 2, 2022.
             Killed themself with a bounced orb of electricity (11 damage)
             ... on level 5 of the Dungeon.
             The game lasted 00:04:58 (4802 turns).

SensoryNuts the Carver (Black Draconian Fighter)    Turns: 4802, Time: 00:04:59

Health: -4/69      AC:  7    Str: 19    XL:     8   Next: 38%
Magic:  8/8        EV: 13    Int:  8    God:
Gold:   129        SH:  5    Dex: 13    Spells: 7/7 levels left

rFire   . . .      SeeInvis .   a - +0 long sword
rCold   + . .      Faith    .   b - +0 buckler
rNeg    . . .      Spirit   .   (body armour unavailable)
rPois   .          Reflect  .   (helmet restricted)
rElec   +          Harm     .   (no cloak)
rCorr   .          Rampage  .   (no gloves)
Will    .....                   q - +0 pair of boots
Stlth   ++........              j - amulet of regeneration
HPRegen 1.01/turn               c - ring of flight
MPRegen 0.11/turn               (no ring)

@: flying
A: breathe lightning, AC +6, unfitting armour, electricity resistance,
cold-blooded, antennae 1, cold resistance 1, subdued magic 1
a: Breathe Lightning


You were on level 5 of the Dungeon.
You visited 1 branch of the dungeon, and saw 5 of its levels.

You collected 129 gold pieces.

Inventory:

Hand Weapons
 a - a +0 long sword (weapon)
Armour
 b - a +0 buckler (worn)
 q - a +0 pair of boots (worn)
Jewellery
 c - a ring of flight (left hand)
 j - an amulet of regeneration (around neck)
 o - a ring of protection from cold
Scrolls
 m - 3 scrolls of teleportation
 n - 2 scrolls of identify
 r - a scroll of magic mapping {unknown}
Potions
 d - a potion of ambrosia
 e - 2 potions of degeneration
 f - a potion of curing
 h - a potion of mutation


   Skills:
 + Level 5.5 Fighting
 * Level 8.2 Long Blades
 + Level 4.6 Dodging
 + Level 1.3 Stealth
 + Level 3.8 Shields


You had 7 spell levels left.
You didn't know any spells.
Your spell library was empty.

Dungeon Overview and Level Annotations

Branches:
Dungeon (5/15)
 Temple: D:4-7

Altars:
Ashenzari
Dithmenos
Hepliaklqana
Qazlal
Ru
Uskayaw
Vehumet

Shops:
D:1 :

Annotations:
D:5 1 runed translucent door, Crazy Yiuf, Pikel


Innate Abilities, Weirdness & Mutations

You can breathe wild blasts of lightning.
Your glossy black scales are hard. (AC +6)
You cannot fit into any form of body armour.
You are resistant to electric shocks. (rElec)
You are cold-blooded and may be slowed by cold attacks.
You have a pair of small antennae on your head.
Your flesh is cold resistant. (rC+)
Your spells are a little easier to cast, but a little less powerful.


Message History

The lemure misses you.
Unknown command.
You completely miss Pikel. Pikel barely misses you.
The lemure barely misses you.
The lemure hits you but does no damage. x2
You miss Pikel. You tail-slap Pikel, but do no damage. Pikel barely misses you.
The lemure misses you. You block the lemure's attack. x2
You hit Pikel.
Pikel is lightly wounded.
The lemure misses you. The lemure hits you.
Pikel hits you with a +1 whip of freezing.
Pikel freezes you. The lemure hits you but does no damage.
You slash Pikel! You tail-slap Pikel.
Pikel is moderately wounded.
Pikel hits you but does no damage. The lemure hits you but does no damage.
The lemure barely misses you. The lemure hits you.
You barely miss Pikel. You tail-slap Pikel, but do no damage.
Pikel is moderately wounded.
Pikel hits you with a +1 whip of freezing!
You block the lemure's attack. The lemure hits you!
You block the lemure's attack.
Unknown command.
You barely miss Pikel.
Pikel is moderately wounded.
Pikel misses you. The lemure hits you. The lemure hits you but does no damage.
The lemure barely misses you.
You miss Pikel. You tail-slap Pikel.
Pikel is heavily wounded.
Pikel hits you with a +1 whip of freezing!
* * * LOW HITPOINT WARNING * * *
Pikel freezes you.
* * * LOW HITPOINT WARNING * * *
The lemure barely misses you. The lemure hits you!
* * * LOW HITPOINT WARNING * * *
The lemure barely misses you.
Unknown command.
Activating: Breathe Lightning (4% risk of failure)
Press: ? - help, Dir - look around, f - activate You breathe a wild blast of lightning!
The orb of electricity explodes!
The orb of electricity engulfs you! You resist.
You die...

######### #.......#
#.......# ########
#..[....###......#
#........##......#
##########...##......#
##......###...##......#
##....55.'.'...''......#
...>.55@.###...##......#
....$.K### #...##.......
.....#. #######+###†#
..#. #. #......... # #
#. ########## .. #
#....... .. .. #.......
.# ...##....... #
...........


You could see Pikel and 4 lemures.

Vanquished Creatures
  Grinder (D:5)
  Sigmund (D:4)
  2 ice beasts (D:5)
  2 ogres (D:5)
  Blork the orc (D:4)
  A necrophage (D:4)
  A scorpion (D:3)
  A hound (D:4)
  A gnoll bouda (D:5)
  Ijyb (D:4)
  Terence (D:2)
  5 iguanas
  3 gnolls (D:5)
  11 adders
  An ufetubus (D:4)
  A worm (D:2)
  3 dart slugs (D:1)
  5 orcs
  11 ball pythons
  6 endoplasms
  2 giant cockroaches
  6 hobgoblins
  8 jackals
  2 quokkas
  8 bats
  2 frilled lizards
  5 goblins
  7 kobolds
  9 rats
108 creatures vanquished.

Notes
Turn   | Place    | Note
-------+----------+-------------------------------------------
     0 | D:1      | SensoryNuts the Draconian Fighter began the quest for the
                  | Orb.
     0 | D:1      | Reached XP level 1. HP: 19/19 MP: 1/1
    23 | D:1      | Found Ucufeora's Book Shop.
   282 | D:1      | Found a faded altar of an unknown god.
   388 | D:1      | Reached XP level 2. HP: 25/26 MP: 2/2
   839 | D:1      | Reached XP level 3. HP: 19/31 MP: 3/3
  1089 | D:1      | Reached skill level 3 in Long Blades
  1308 | D:2      | Noticed Terence
  1313 | D:2      | Killed Terence
  1314 | D:2      | Reached XP level 4. HP: 37/40 MP: 4/4
  2127 | D:2      | Reached skill level 4 in Long Blades
  2580 | D:3      | Reached XP level 5. HP: 46/46 MP: 5/5
  2747 | D:3      | Found a radiant altar of Vehumet.
  3067 | D:4      | Reached skill level 5 in Long Blades
  3067 | D:4      | Reached XP level 6. HP: 44/52 MP: 6/6
  3193 | D:4      | Noticed Sigmund
  3221 | D:4      | Killed Sigmund
  3312 | D:4      | Noticed Blork the orc
  3327 | D:4      | Killed Blork the orc
  3328 | D:4      | Reached skill level 6 in Long Blades
  3328 | D:4      | Your scales start taking on a glossy black colour.
  3328 | D:4      | Reached XP level 7. HP: 44/60 MP: 7/7
  3328 | D:4      | Gained mutation: You are resistant to electric shocks.
                  | (rElec) [Black Draconian growth]
  3396 | D:4      | Noticed Ijyb
  3420 | D:4      | Killed Ijyb
  3519 | D:4      | Found a hide-covered altar of Uskayaw.
  3911 | D:4      | Found a shadowy altar of Dithmenos.
  3911 | D:4      | Found a broken altar of Ashenzari.
  3940 | D:4      | Found a stormy altar of Qazlal.
  3942 | D:4      | Found a hazy altar of Hepliaklqana.
  3944 | D:4      | Found a sacrificial altar of Ru.
  4063 | D:5      | Entered Level 5 of the Dungeon
  4083 | D:5      | Noticed Grinder
  4089 | D:5      | Gained mutation: Your spells are a little easier to cast,
                  | but a little less powerful. [potion of mutation]
  4089 | D:5      | Gained mutation: You have a pair of small antennae on your
                  | head. [potion of mutation]
  4089 | D:5      | Gained mutation: Your flesh is cold resistant. (rC+)
                  | [potion of mutation]
  4112 | D:5      | Paralysed by Grinder for 2 turns
  4115 | D:5      | Paralysed by Grinder for 3 turns
  4124 | D:5      | Killed Grinder
  4125 | D:5      | Reached skill level 7 in Long Blades
  4196 | D:5      | Found a runed translucent door.
  4197 | D:5      | Noticed Crazy Yiuf
  4245 | D:5      | Reached skill level 5 in Fighting
  4337 | D:5      | Reached XP level 8. HP: 48/68 MP: 8/8
  4426 | D:5      | Reached skill level 1 in Stealth
  4621 | D:5      | Reached skill level 8 in Long Blades
  4698 | D:5      | Identified the +1 ring mail of Heresy {Rampage rN+++ Regen+
                  | Dex-5}
  4777 | D:5      | Noticed Pikel
  4802 | D:5      | Killed themself with a bounced orb of electricity

Illustrated notes

Levels and vault maps discovered:
D:1:      roderic_chinese_lattice_arrival, layout_basic, serial_shops, shop,
          nicolae_ecumenical_snake_handling, kennysheep_minor_cross,
          chequers_serial_rivers_micro_d, minmay_tall_x
D:2:      minmay_wonky_spiral, layout_basic, uniq_terence
D:3:      layout_rooms, old_standard_altar
D:4:      layout_cave_pods, nicolae_uskayaw_murder_on_the_dancefloor,
          chequers_temple_overflow_minitemple, serial_glass, glass_columns_c,
          glass_columns_a, glass_columns_b, glass_columns_a,
          minmay_strange_pillars, minmay_strange_pillars, item_on_display_a,
          uniq_sigmund, uniq_blork_the_orc, uniq_ijyb
D:5:      layout_basic, uniq_pikel, uniq_crazy_yiuf_cottage, uniq_grinder

Skill      XL: |  1  2  3  4  5  6  7  8 |
---------------+-------------------------+-----
Long Blades    | 3 4 5 6 7 8 |  8.2
Dodging        | 3 4 |  4.6
Fighting       | 4 5 |  5.5
Stealth        | 1 |  1.3
Shields        | |  3.8

Action                   |  1- 3 |  4- 6 |  7- 9 || total
-------------------------+-------+-------+-------++-------
Melee: Long sword        |    93 |   207 |   237 ||   537
       Tailslap          |    11 |    32 |    34 ||    77
  Use: Potion            |     1 |     2 |     8 ||    11
       Scroll            |       |     9 |       ||     9
 Stab: Sleeping          |     1 |     1 |     1 ||     3
Armor: Skin              |    28 |    79 |    63 ||   170
Dodge: Dodged            |    68 |   142 |   144 ||   354
Block: Buckler           |    26 |    53 |    59 ||   138
